Construct Section Command Post
Selects Heavy Armor Battlegroup
Construct Platoon Command Post
Selects Light Vehicle Withdraw and Refit
Light Vehicle Withdraw and Refit
6-pounder Anti-tank Gun Team
Light Vehicle Withdraw and Refit
Unlock Bishop Self-propelled Artillery
Bishop Self-propelled Artillery
Construct Company Command Post
6-pounder Anti-tank Gun Team
Bishop Self-propelled Artillery
Selects Rigorous Vehicle Training
Selects Forward Repair Assembly
Selects Churchill Black Prince Heavy Tank
Selects Churchill Black Prince Heavy Tank
Churchill Black Prince Heavy Tank
Selects Designate Targets